 Dungeon Crawl Stone Soup version 0.22.1-2-g9c5b331 (webtiles) character file.

106 diana the Cutter (level 4, 0/34 HPs)
             Began as a Demonspawn Gladiator on Dec 29, 2018.
             Slain by an iron imp (7 damage)
             ... summoned by the player character
             ... on level 3 of the Dungeon.
             The game lasted 00:02:48 (1825 turns).

diana the Cutter (Demonspawn Gladiator)             Turns: 1825, Time: 00:02:48

Health: 0/34       AC:  4    Str: 13 (15) XL:     4   Next: 55%
Magic:  4/4        EV: 13    Int: 13 (14) God:
Gold:   79         SH:  0    Dex: 12 (15) Spells: 3/3 levels left

rFire    + . .     SeeInvis .   a - +1 rapier
rCold    + . .     Gourm    .   (no shield)
rNeg     . . .     Faith    +   o - +2 animal skin
rPois    +         Spirit   .   (helmet restricted)
rElec    +         Reflect  .   (no cloak)
rCorr    +         Harm     .   (no gloves)
MR       .....                  (no boots)
Stlth    +.........             k - amulet of faith
HPRegen  0.11/turn              (no ring)
MPRegen  0.09/turn              (no ring)

@: brilliant, resistant
A: horns 2, demonic guardian 1
a: no special abilities


You were on level 3 of the Dungeon.
You were not hungry.

You visited 1 branch of the dungeon, and saw 3 of its levels.

You collected 79 gold pieces.

Inventory:

Hand Weapons
 a - a +1 rapier (weapon)
Missiles
 d - 3 throwing nets (quivered)
Armour
 b - a +0 leather armour
 c - a +0 helmet
 o - a +2 animal skin (worn)
Jewellery
 i - an uncursed ring of protection from cold {unknown}
 k - an amulet of faith (around neck)
 p - a +5 ring of strength {unknown}
Scrolls
 g - 3 scrolls of identify
 h - a scroll of magic mapping
Potions
 m - a potion of brilliance
Comestibles
 f - 5 rations
 l - 7 chunks of flesh


   Skills:
 + Level 2.7 Fighting
 * Level 3.7 Short Blades
 - Level 1.7 Throwing
 + Level 1.5 Armour
 + Level 3.2 Dodging


You had 3 spell levels left.
You didn't know any spells.
Your spell library was empty.

Dungeon Overview and Level Annotations

Branches:
Dungeon (3/15)

Altars:
Ashenzari

Annotations:
D:3 Sigmund


Innate Abilities, Weirdness & Mutations

You have a pair of horns on your head.
A weak demonic guardian rushes to your aid.


Message History

Your iron imp barely misses Sigmund.
Sigmund points at you and mumbles some strange words.
Your iron imp appears confused.
Your iron imp hits you.
* * * LOW HITPOINT WARNING * * *
Sigmund completely misses you.
Your iron imp hits Sigmund.
Sigmund misses you.
You swap places.
Sigmund hits your iron imp with a scythe!
What are your orders? t - Shout!
Orders for allies: a - Attack new target. r - Retreat! s - Stop attacking. g - Guard the area. f - Follow me.
Anything else - Cancel.
Gang up on whom?
Press: ? - help, Dir - move target cursor, f - Sigmund
Aim: Sigmund, wielding a scythe and wearing a runed robe (heavily wounded) Attack!
Sigmund barely misses your iron imp.
Your iron imp hits you!
You die...

#.......##.# ##.##......
#
#.##.##......##.#####.##
#.#.##.##.##.##.#.##.#
..#
#.........##.##.#.##.#
..# ....##.#####.##.#
#..# ..#
....##.#####.#### ###
..# (.)...........#
##.##......##.#
#......##@##
#........5.#
#......###5# #......#
#@+ #.....<# ###
########


You could see Sigmund and 2 friendly iron imps.

Vanquished Creatures
  Robin (D:3)
  4 adders
  3 worms
  A dart slug (D:1)
  3 leopard geckos
  3 orcs (D:3)
  3 giant cockroaches (D:1)
  5 goblins
  8 hobgoblins
  A quokka (D:2)
  3 bats
  4 frilled lizards
  6 kobolds
  5 rats
50 creatures vanquished.

Notes
Turn   | Place    | Note
-------+----------+-------------------------------------------
     0 | D:1      | diana the Demonspawn Gladiator began the quest for the Orb.
     0 | D:1      | Reached XP level 1. HP: 16/16 MP: 1/1
   156 | D:1      | Gained mutation: You have a pair of small horns on your
                  | head. [demonic ancestry]
   156 | D:1      | Reached XP level 2. HP: 22/22 MP: 2/2
   977 | D:2      | Gained mutation: A weak demonic guardian rushes to your
                  | aid. [demonic ancestry]
   977 | D:2      | Reached XP level 3. HP: 28/28 MP: 3/3
   982 | D:2      | Found a faded altar of an unknown god.
  1016 | D:2      | Reached skill level 1 in Armour
  1473 | D:3      | Found a shattered altar of Ashenzari.
  1484 | D:3      | Gained mutation: You have a pair of horns on your head.
                  | [demonic ancestry]
  1484 | D:3      | Reached XP level 4. HP: 23/34 MP: 4/4
  1659 | D:3      | Noticed Robin
  1676 | D:3      | Killed Robin
  1810 | D:3      | Noticed Sigmund
  1825 | D:3      | Slain by an iron imp

Skill      XL: |  1  2  3 |
---------------+----------+-----
Short Blades   | 3 |  3.7
Dodging        | 3 |  3.2
Armour         | 1 |  1.5
Fighting       | |  2.7
Throwing       | |  1.7

Action                   |  1- 3 |  4- 6 || total
-------------------------+-------+-------++-------
Melee: Rapier            |    71 |    47 ||   118
       Headbutt          |     9 |     6 ||    15
  Use: Scroll            |     5 |       ||     5
       Potion            |       |     6 ||     6
 Stab: Distracted        |       |     1 ||     1
  Eat: Chunk             |     1 |     2 ||     3
Armor: Leather armour    |    18 |     3 ||    21
       Animal skin       |       |     2 ||     2
Dodge: Dodged            |    51 |    28 ||    79
